 Dungeon Crawl Stone Soup version 0.27-a0-1384-g1422d76b99 (webtiles) character file.

Game seed: 2974609385910205536

81 sagitran the Skirmisher (level 4, 0/36 (37) HPs)
             Began as a Demonspawn Chaos Knight on June 30, 2021.
             Was a Plaything of Xom.
             Succumbed to a killer bee's poison
             ... on level 2 of the Dungeon.
             The game lasted 00:08:59 (2165 turns).

sagitran the Skirmisher (Demonspawn Chaos Knight)   Turns: 2165, Time: 00:09:00

HP:   0/36 (37)     AC:  5    Str: 13    XL:     4   Next: 19%
MP:   4/4           EV: 11    Int: 13    God:    Xom [......]
Gold: 60            SH:  0    Dex: 13    Spells: 3/3 levels left

rFire    . . .     SeeInvis .   a - +0 spear (chaos)
rCold    . . .     Faith    .   (no shield)
rNeg     . . .     Spirit   .   b - +2 leather armour
rPois    .         Reflect  .   (helmet restricted)
rElec    .         Harm     .   (no cloak)
rCorr    .         Rampage  .   (no gloves)
Will     .....                  (no boots)
Stlth    +.........             (no amulet)
HPRegen  0.12/turn              (no ring)
MPRegen  0.09/turn              (no ring)

@: lethally poisoned (0 -> -6), very slightly contaminated, hasted, lightly
drained, invisible, very quick
A: antennae 2, powered by death 1
a: Renounce Religion


You were on level 2 of the Dungeon.
You worshipped Xom.
You were a very special plaything of Xom.
You visited 1 branch of the dungeon, and saw 4 of its levels.

You collected 60 gold pieces.

Inventory:

Hand Weapons
 a - a +0 spear of chaos (weapon)
Missiles
 j - 4 boomerangs (quivered)
Armour
 b - a +2 leather armour (worn)
Wands
 l - a wand of flame (24)
Scrolls
 c - a scroll of amnesia {unknown}
 f - a scroll of enchant weapon {unknown}
 g - a scroll of blinking {unknown}
 h - a scroll of enchant armour {unknown}
 k - a scroll of fog {unknown}
 m - a scroll of teleportation {unknown}


   Skills:
 + Level 3.7 Fighting
 + Level 3.5 Polearms
 + Level 2.4 Armour
 + Level 1.2 Dodging
 + Level 0.1 Stealth


You had 3 spell levels left.
You didn't know any spells.
Your spell library was empty.

Dungeon Overview and Level Annotations

Branches:
Dungeon (4/15)
 Temple: D:4-7

Altars:
Ashenzari
Cheibriados
Makhleb
Qazlal
Ru
The Shining One


Innate Abilities, Weirdness & Mutations

You have a pair of antennae on your head.
You regenerate a little health from kills.


Message History

The killer bee stings you but does no damage.
The quokka bites you.
* * * LOW HITPOINT WARNING * * *
The killer bee stings you.
* * * LOW HITPOINT WARNING * * *
You are more poisoned.
The killer bee poisons you!
You feel better. The killer bee barely misses you.
The quokka closely misses you. The killer bee barely misses you.
The quokka closely misses you.
It was a potion of haste.
You feel yourself speed up.
The killer bee barely misses you. x2; The quokka barely misses you.
You miss the quokka.
The killer bee stings you but does no damage.
The killer bee stings you.
* * * LOW HITPOINT WARNING * * *
The quokka twitches its whiskers.
The quokka closely misses you.
You hit the quokka.
The quokka seems to speed up.
The quokka is almost dead.
The killer bee barely misses you. The quokka closely misses you.
You barely miss the quokka.
The quokka is almost dead.
The killer bee barely misses you. The quokka closely misses you.
You closely miss the quokka.
The quokka is almost dead.
The killer bee stings you but does no damage.
The quokka closely misses you.
You hit the quokka. You burn the quokka.
You kill the quokka!
The quokka's corpse disappears in a puff of smoke!
The killer bee completely misses you. The killer bee stings you.
* * * LOW HITPOINT WARNING * * *
You are lethally poisoned!
The killer bee poisons you!
* * * LOW HITPOINT WARNING * * *
You feel sick.
You die...
Xom chuckles heartily!

### #.. # #.#### .. #.#..#
.# ##.###########.#..# #.#
...........r.y....# #.#
.###.##....#####....#### #.#
.#.........# #@......# #.#
.#.###....######..#.##.# #.#
.#.###.#..........#.##.###.#
.(.......................>.#
.#.......#..........##.#.#.#
.#####.#.#.######....
#.#.###### .......#.#.#..
..... ..#.......
..######.#.#.#
################.
..........)#.#
#......#.........


You could see a killer bee (summoned).

Vanquished Creatures
  An adder (D:3)
  3 dart slugs
  3 orcs (D:3)
  5 ball pythons
  3 endoplasms
  2 giant cockroaches
  7 goblins
  5 hobgoblins
  6 jackals
  5 kobolds
  A quokka (D:1)
  9 bats
  2 frilled lizards (D:1)
  4 rats
56 creatures vanquished.

Vanquished Creatures (collateral kills)
  A jackal (D:3)
1 creature vanquished.

Grand Total: 57 creatures vanquished

Notes
Turn   | Place    | Note
-------+----------+-------------------------------------------
     0 | D:1      | sagitran the Demonspawn Chaos Knight began the quest for
                  | the Orb.
     0 | D:1      | Reached XP level 1. HP: 18/18 MP: 1/1
    68 | D:1      | Gained mutation: You regenerate a little health from kills.
                  | [demonic ancestry]
    68 | D:1      | Reached XP level 2. HP: 13/24 MP: 2/2
   131 | D:1      | XOM: silly message
   190 | D:1      | XOM: divination: magic mapping
   288 | D:1      | Reached skill level 1 in Dodging
   538 | D:1      | Gained mutation: You have a pair of small antennae on your
                  | head. [demonic ancestry]
   538 | D:1      | Reached XP level 3. HP: 28/29 MP: 3/3
   637 | D:1      | XOM: silly message
   650 | D:2      | Found a broken altar of Ashenzari.
   765 | D:2      | Found a faded altar of an unknown god.
   879 | D:2      | XOM: silly message
  1001 | D:3      | XOM: noise
  1298 | D:3      | Found a sacrificial altar of Ru.
  1298 | D:3      | Found a broken altar of Ashenzari.
  1300 | D:3      | Found a stormy altar of Qazlal.
  1301 | D:3      | Found a burning altar of Makhleb.
  1302 | D:3      | Found a snail-covered altar of Cheibriados.
  1361 | D:3      | XOM: noise
  1400 | D:3      | Gained mutation: You have a pair of antennae on your head.
                  | [demonic ancestry]
  1400 | D:3      | Reached XP level 4. HP: 33/36 MP: 4/4
  2138 | D:2      | XOM: summons 3 hostile shadow creatures
  2139 | D:2      | XOM: polymorph bat -> killer bee
  2154 | D:2      | HP: 1/36 [killer bee[Xom] (5)]
  2164 | D:2      | HP: 1/36 [poisoned by a killer bee]
  2165 | D:2      | Succumbed to a killer bee's poison

Illustrated notes

Levels and vault maps discovered:
D:1:      nicolae_arrival_memento_mori, layout_rooms, minmay_misc_feat_columns
D:2:      layout_basic, shapermc_ecumenical_altar_mp_highgroup, basic_altar
D:3:      layout_basic, minitemple, serial_rivers,
          chequers_serial_rivers_small_b, chequers_serial_rivers_micro_e,
          chequers_serial_rivers_small_a, chequers_serial_rivers_small_b,
          minmay_misc_feat_tower
D:4:      layout_loops_ring, kennysheep_mini_moat, kennysheep_mini, uniq_edmund

Skill      XL: |  1  2  3 |
---------------+----------+-----
Armour         | 2 |  2.4
Dodging        | 1 |  1.2
Polearms       | 3 |  3.5
Fighting       | |  3.7
Stealth        | |  0.1

Action                   |  1- 3 |  4- 6 || total
-------------------------+-------+-------++-------
Melee: Spear             |   167 |    58 ||   225
  Use: Potion            |       |     5 ||     5
Armor: Leather armour    |    69 |    32 ||   101
Dodge: Dodged            |   123 |    46 ||   169

Table legend: (Time is in decaauts)
 A = Elapsed time spent in this place.
 B = Non-inter-level travel time spent in this place.
 C = Inter-level travel time spent in this place.
 D = Time resting spent in this place.
 E = Time spent auto-exploring this place.
 F = Levels seen in this place.
 G = Mean time per level.
                   A        B        C        D        E       F      G
               +--------+--------+--------+--------+--------+-----+--------+
         Total |   2156 |   2110 |     46 |    294 |    682 |   4 |  539.0 |
       Dungeon |   2156 |   2110 |     46 |    294 |    682 |   4 |  539.0 |
               +--------+--------+--------+--------+--------+-----+--------+

Top non-repeatable levels by time:
     D:3: 1097 daAuts
     D:1: 635 daAuts
     D:2: 408 daAuts
     D:4: 14 daAuts
